 Dungeon Crawl Stone Soup version 0.29-a0-414-g5075937ec3 (webtiles) character file.

Game seed: 7294203458775919663

15374 Bruhh the Nimble (level 12, 0/96 HPs)
             Began as a Djinni Earth Elementalist on May 15, 2022.
             Was a Priest of Ashenzari.
             Slain by a yak (7 damage)
             ... on level 10 of the Dungeon.
             The game lasted 00:20:37 (16671 turns).

Bruhh the Nimble (Djinni Earth Elementalist)       Turns: 16671, Time: 00:20:38

Health: 0/96       AC: 10    Str:  7    XL:     12   Next: 56%
Gold:   756        EV: 17    Int: 21    God:    Ashenzari [***...] SH:  0 Dex: 15

rFire   + + +      SeeInvis +   J - +2 great sword
rCold   x . .      Faith    .   (shield currently unavailable)
rNeg    . . .      Spirit   .   e - +2 robe "Gnosis of Ashenzari" {Will+, Self, Melee} (curse)
rPois   ∞          Reflect  .   (no helmet)
rElec   .          Harm     .   p - +2 cloak "I Knew You'd Do That" {Fort, Self} (curse)
rCorr   .          Rampage  .   m - +0 pair of gloves "Chained Negligence" {Melee, Fort} (curse)
Will    ++...      Clarity  +   (boots unavailable)
Stlth   ++........              (no amulet)
HPRegen 0.26/turn               C - ring of protection from fire
MPRegen 0.00/turn               L - ring "Visionary of the Sky" {Wiz, Evo, Self} (curse)

@: flying, invisible
A: sickness immunity, fire resistance 2, cold vulnerability 1, float, innate
caster, HP casting, extra vitality 1
a: Renounce Religion, Shatter the Chains


You were on level 10 of the Dungeon.
You worshipped Ashenzari.
Ashenzari was most pleased with you.
You visited 3 branches of the dungeon, and saw 13 of its levels.

You collected 756 gold pieces.

Inventory:

Hand Weapons
 j - a +4 mace
 v - the +1 hunting sling "Wogeumn" {speed, Str+2 Dex+3}
   (You found it on level 3 of the Dungeon)

   Attacks with this weapon are significantly faster.
   Str:       It affects your strength (+2).
   Dex:       It affects your dexterity (+3).
 w - a +0 scimitar of flaming
 D - a +1 battleaxe
 E - a +0 halberd of freezing
 J - a +2 great sword (weapon)
Missiles
 a - 214 stones
Armour
 b - a +0 robe
 e - the cursed +2 robe "Gnosis of Ashenzari" (worn) {Will+, Self, Melee}
   (You took it off Erica on level 9 of the Dungeon)

   It has a curse which improves the following skills: Introspection: Fighting
   and Spellcasting.
   Melee Combat: Short Blades, Long Blades, Axes, Maces & Flails, Polearms,
   Staves and Unarmed Combat.
 m - the cursed +0 pair of gloves "Chained Negligence" (worn) {Melee, Fort}
   (You found it on level 1 of the Dungeon)

   It has a curse which improves the following skills: Melee Combat: Short
   Blades, Long Blades, Axes, Maces & Flails, Polearms, Staves and Unarmed
   Combat.
   Fortitude: Armour and Shields.
 p - the cursed +2 cloak "I Knew You'd Do That" (worn) {Fort, Self}
   (You found it on level 2 of the Dungeon)

   It has a curse which improves the following skills: Fortitude: Armour and
   Shields.
   Introspection: Fighting and Spellcasting.
Jewellery
 C - a ring of protection from fire (left hand)
 L - the cursed ring "Visionary of the Sky" (right hand) {Wiz, Evo, Self}
   (You found it on level 10 of the Dungeon)

   [ring of wizardry]

   It improves your spell success rate.
   It has a curse which improves the following skills: Evocations: Evocations.
   Introspection: Fighting and Spellcasting.
Wands
 r - a wand of digging (4)
 x - a wand of flame (22)
 K - a wand of paralysis (3)
 N - a wand of acid (7)
Scrolls
 h - 2 scrolls of noise
 k - 2 scrolls of magic mapping
 l - 2 scrolls of poison
 n - 8 scrolls of identify
 o - 4 scrolls of teleportation
 s - 2 scrolls of amnesia
 y - 2 scrolls of enchant armour
 z - a scroll of enchant weapon
 B - 2 scrolls of blinking
 F - 2 scrolls of fog
 H - 2 scrolls of torment
 M - 4 scrolls of fear
Potions
 c - a potion of invisibility
 d - 4 potions of flight
 f - 2 potions of haste
 g - 5 potions of attraction
 i - 2 potions of might
 q - 2 potions of lignification
 t - 3 potions of magic
 u - 2 potions of mutation
 A - a potion of cancellation
 G - a potion of resistance
 I - a potion of brilliance


   Skills:
 - Level 9.7(12.9) Fighting
 + Level 4.8(7.2) Long Blades
 - Level 8.7(11.2) Armour
 - Level 10.0 Dodging
 - Level 1.5 Stealth
 - Level 9.5(12.7) Spellcasting


You had 13 spell levels left.
You knew the following spells:

 Your Spells              Type           Power      Damage    Failure   Level
a - Sandblast             Erth           100%       2d20      1%          1
b - Passwall              Tmut/Erth      50%        N/A       1%          2
c - Stone Arrow           Conj/Erth      100%       3d13      1%          3
d - Petrify               Tmut/Erth      61%        N/A       1%          4
e - Pain                  Necr           100%       1d9       1%          1
f - Wereblood             Tmut           61%        N/A       1%          2
g - Call Canine Familiar  Summ           61%        N/A       1%          3
h - Gell's Gravitas       Tloc           61%        N/A       1%          3
i - Dispel Undead         Necr           61%        3d21      1%          4
Your spell library was empty.

Dungeon Overview and Level Annotations

Branches:
Dungeon (11/15)            Temple (1/1) D:4            Lair (1/6) D:10
    Orc: D:9-12

Altars:
Ashenzari
Cheibriados
Elyvilon
Kikubaaqudgha
Makhleb
Okawaru
Qazlal
Sif Muna
Trog
Uskayaw
Vehumet
Xom
Yredelemnul
Zin
The Shining One

Shops:
D:1 !   D:4 :

Annotations:
D:8 2 runed translucent doors


Innate Abilities, Weirdness & Mutations

You are immune to sickness and miasma.
You are immune to poison.
Your flesh is very heat resistant. (rF++)
You are vulnerable to cold. (rC-)
You float through the air rather than walking.
You learn spells naturally, not from books.
Your magical power is your life essence.
You have superior vitality. (+4 MHP)


Message History

You fly upwards.
Welcome back to the Dungeon!
There is a staircase to the Lair here.
Casting: Sandblast (safe; 1% risk of failure)
Confirm with . or Enter, or press ? or * to list all spells.
Aiming: Sandblast (safe; 1% risk of failure)
Press: ? - help, Shift-Dir - straight line, f - yak
Aim: a yak (lightly wounded, 90% to hit)
The blast of sand hits the yak!
The yak is moderately wounded.
a - 216 stones
* * * LOW HITPOINT WARNING * * *
The yak misses you. The yak closely misses you.
Unknown command.
Casting: Sandblast (safe; 1% risk of failure)
Confirm with . or Enter, or press ? or * to list all spells.
Aiming: Sandblast (safe; 1% risk of failure)
Press: ? - help, Shift-Dir - straight line, f/p - yak
Aim: a yak (moderately wounded, 90% to hit)
The blast of sand hits the yak!
The yak is heavily wounded.
a - 215 stones
* * * LOW HITPOINT WARNING * * *
The yak gores you but does no damage. The yak closely misses you.
Casting: Sandblast (safe; 1% risk of failure)
Confirm with . or Enter, or press ? or * to list all spells.
Aiming: Sandblast (safe; 1% risk of failure)
Press: ? - help, Shift-Dir - straight line, f/p - yak
Aim: a yak (heavily wounded, 90% to hit)
The blast of sand hits the yak!
The yak is almost dead.
a - 214 stones
* * * LOW HITPOINT WARNING * * *
The yak gores you but does no damage. The yak gores you!
* * * LOW HITPOINT WARNING * * *
You fade into invisibility!
The yak closely misses you. x2
You hit the yak but do no damage.
The yak is almost dead.
The yak gores you!
You die...

.......[.................##
..........................##
...........................##
............................##
.............................#
.............................#
.................Y...........#
.................Y...........#
................@....).......#
.....................[.......#
.....................).......#
....#........................#
...###.......................#
..## ##......................#
...###.......................#
....#........................#
.............................#


You could see 2 yaks.

Vanquished Creatures
  2 hydras
  A rakshasa (D:11)
  A two-headed ogre (D:8)
  Erica (D:9)
  A centaur warrior (D:10)
  An ugly thing (D:8)
  Joseph (D:9)
  An unseen horror (D:10)
  A cane toad (Lair:1)
  A komodo dragon (D:11)
  2 hornets (D:9)
  Sigmund (D:5)
  2 wyverns
  A shadow (D:11)
  18 yaks
  3 vampire mosquitoes
  Menkaure (D:5)
  2 acid dragons
  A water moccasin (D:8)
  4 orc warriors
  2 sky beasts
  2 ogres
  8 centaurs
  A necrophage (D:6)
  3 bullfrogs
  2 scorpions (D:7)
  13 wights
  3 killer bees (D:10)
  An electric eel (D:11)
  A howler monkey (D:10)
  A lava snake (D:11)
  7 orc priests
  5 hounds
  A jelly (D:4)
  A gnoll shaman (D:4)
  Jessica (D:2)
  Ijyb (D:3)
  Terence (D:2)
  3 iguanas
  10 orc wizards
  9 adders
  7 gnolls
  2 shadow imps (D:7)
  2 white imps (D:5)
  3 ufetubi
  A worm (D:3)
  2 dart slugs
  37 orcs
  3 bats
  3 endoplasms
  3 giant cockroaches
  9 hobgoblins
  6 jackals (D:4)
  11 kobolds
  6 quokkas
  8 ball pythons
  3 frilled lizards
  7 goblins
  8 rats
243 creatures vanquished.

Notes
Turn   | Place    | Note
-------+----------+-------------------------------------------
     0 | D:1      | Bruhh the Djinni Earth Elementalist began the quest for the
                  | Orb.
     0 | D:1      | Reached XP level 1. HP: 15/15 MP: 0/0
   273 | D:1      | Reached XP level 2. HP: 19/21 MP: 0/0
   505 | D:1      | Reached XP level 3. HP: 20/25 MP: 0/0
   505 | D:1      | Learned a level 1 spell: Pain
  1057 | D:1      | Found Urhus's Distillery.
  1462 | D:2      | Noticed Jessica
  1466 | D:2      | Killed Jessica
  1467 | D:2      | Reached XP level 4. HP: 16/31 MP: 0/0
  1734 | D:2      | Found a faded altar of an unknown god.
  1990 | D:2      | Reached XP level 5. HP: 8/35 MP: 0/0
  1990 | D:2      | Learned a level 2 spell: Wereblood
  2353 | D:2      | Noticed Terence
  2381 | D:2      | Killed Terence
  3514 | D:3      | Noticed Ijyb
  3585 | D:3      | Killed Ijyb
  3586 | D:3      | Reached XP level 6. HP: 7/40 MP: 0/0
  4446 | D:3      | Identified the +1 hunting sling "Wogeumn" {speed, Str+2
                  | Dex+3}
  4454 | D:4      | Reached skill level 5 in Spellcasting
  4469 | D:4      | Found Atobip's Book Emporium.
  4506 | D:4      | Noticed an ogre
  4517 | D:4      | Killed an ogre
  5201 | D:4      | Found a staircase to the Ecumenical Temple.
  5277 | Temple   | Entered the Ecumenical Temple
  5337 | Temple   | Became a worshipper of Ashenzari the Shackled
  5430 | D:4      | Reached XP level 7. HP: 32/45 MP: 0/0
  5430 | D:4      | Learned a level 3 spell: Call Canine Familiar
  6165 | D:5      | Entered Level 5 of the Dungeon
  6359 | D:5      | Noticed a wyvern
  6363 | D:5      | Killed a wyvern
  6364 | D:5      | Reached XP level 8. HP: 44/50 MP: 0/0
  6579 | D:5      | Noticed Sigmund
  6580 | D:5      | Noticed Menkaure
  6602 | D:5      | Killed Menkaure
  6959 | D:5      | Killed Sigmund
  7162 | D:5      | Reached skill level 1 in Fighting
  7912 | D:6      | Reached XP level 9. HP: 58/61 MP: 0/0
  7912 | D:6      | Learned a level 3 spell: Gell's Gravitas
  8967 | D:6      | HP: 2/65 [bullfrog (7)]
  8968 | D:6      | Reached skill level 5 in Fighting
 10295 | D:7      | Reached * piety under Ashenzari
 10316 | D:7      | Reached XP level 10. HP: 38/81 MP: 0/0
 10920 | D:8      | Noticed a cyan ugly thing
 10924 | D:8      | Killed a cyan ugly thing
 11046 | D:8      | Noticed a two-headed ogre
 11052 | D:8      | Killed a two-headed ogre
 11053 | D:8      | Reached XP level 11. HP: 65/86 MP: 0/0
 11053 | D:8      | Learned a level 4 spell: Dispel Undead
 11182 | D:8      | Found a runed translucent door.
 11184 | D:8      | Found a runed translucent door.
 12191 | D:9      | Noticed a five-headed hydra
 12201 | D:9      | HP: 1/86 [five-headed hydra (10)]
 12205 | D:9      | Killed a five-headed hydra
 12206 | D:9      | Reached skill level 3 in Dodging
 12560 | D:9      | Reached skill level 4 in Dodging
 12715 | D:9      | Reached skill level 5 in Dodging
 13047 | D:9      | Noticed Erica
 13071 | D:9      | Killed Erica
 13072 | D:9      | Reached skill level 6 in Dodging
 13221 | D:9      | Noticed Joseph
 13226 | D:9      | Killed Joseph
 13227 | D:9      | Reached skill level 7 in Dodging
 13712 | D:10     | Entered Level 10 of the Dungeon
 13712 | D:10     | Identified the +6 longbow "Ytuluto" {flame, rCorr Dex+4}
 13754 | D:9      | Reached skill level 8 in Dodging
 14467 | D:10     | Reached ** piety under Ashenzari
 14479 | D:10     | Reached skill level 1 in Long Blades
 14479 | D:10     | Reached XP level 12. HP: 86/94 MP: 0/0
 14653 | D:10     | Found a staircase to the Lair.
 14802 | D:10     | Reached *** piety under Ashenzari
 14867 | D:11     | Noticed a seven-headed hydra
 14867 | D:11     | Noticed a centaur warrior
 14869 | D:11     | Noticed a rakshasa
 14878 | D:10     | Killed a centaur warrior
 14879 | D:10     | Reached skill level 9 in Dodging
 15432 | D:11     | Killed a seven-headed hydra
 16074 | D:11     | Killed a rakshasa
 16168 | D:11     | Noticed a seven-headed hydra
 16168 | D:11     | Noticed a skeletal warrior
 16169 | D:11     | Noticed a death knight
 16240 | D:11     | Reached skill level 10 in Dodging
 16526 | Lair:1   | Entered Level 1 of the Lair of Beasts
 16671 | D:10     | Slain by a yak

Illustrated notes

Levels and vault maps discovered:
D:1:      matt_arrival_spirals, layout_loops_ring, serial_shops, shop_fountains,
          minmay_misc_feat_tower
D:2:      layout_basic, hellmonk_ecumenical_altar_pennies_from_heaven,
          uniq_jessica, uniq_terence
D:3:      layout_rooms, uniq_ijyb
D:4:      layout_basic, temple_statues, serial_shops, shop_coins
D:5:      layout_rooms, uniq_menkaure, uniq_sigmund
D:6:      layout_basic, led_sif_book
D:7:      layout_cave_pools
D:8:      lemuel_insect_pit, layout_loops_corners, dk_rats_in_the_wall
D:9:      layout_basic, minivault_20, uniq_joseph, uniq_erica
D:10:     layout_big_octagon, lair_entry_dummy, chequers_serial_rivers_micro_c
D:11:     layout_basic, corner_web_ring, nicolae_lava_and_water,
          nicolae_sextant, grunt_ministairs_2, lightli_corner_chamber
Temple:   nicolae_temple_the_god_donut
Lair:1:   layout_cave_pods, grunt_megastairs_5

Skill      XL: |  1  2  3  4  5  6  7  8  9 10 11 12 |
---------------+-------------------------------------+-----
Spellcasting   | 3 4 5 6 8 9 |  9.5
Fighting       | 3 9 |  9.7
Armour         | 6 7 8 |  8.7
Dodging        | 8 10 | 10.0
Long Blades    | 1 4 |  4.8
Stealth        | |  1.5

Action                   |  1- 3 |  4- 6 |  7- 9 | 10-12 || total
-------------------------+-------+-------+-------+-------++-------
Melee: Unarmed           |     2 |     3 |       |       ||     5
       Halberd           |       |       |     5 |    12 ||    17
       Scimitar          |       |       |       |    16 ||    16
       Great sword       |       |       |       |    26 ||    26
 Fire: Hunting sling     |       |    43 |    96 |       ||   139
Throw: Throwing net      |       |     1 |       |       ||     1
 Cast: Sandblast         |    41 |     8 |     4 |     8 ||    61
       Pain              |     5 |    83 |       |       ||    88
       Stone Arrow       |       |    15 |    86 |   168 ||   269
       Gell's Gravitas   |       |       |       |    12 ||    12
       Call Canine Famil |       |       |       |     1 ||     1
Invok: Curse Item        |       |       |     2 |     2 ||     4
Evoke: Wand              |       |       |       |     2 ||     2
  Use: Potion            |       |       |     2 |     4 ||     6
       Scroll            |       |       |     1 |     2 ||     3
Armor: Robe              |     3 |    21 |    35 |    46 ||   105
Dodge: Dodged            |     9 |    29 |    30 |   127 ||   195

Table legend: (Time is in decaauts)
 A = Elapsed time spent in this place.
 B = Non-inter-level travel time spent in this place.
 C = Inter-level travel time spent in this place.
 D = Time resting spent in this place.
 E = Time spent auto-exploring this place.
 F = Levels seen in this place.
 G = Mean time per level.
                   A        B        C        D        E       F      G
               +--------+--------+--------+--------+--------+-----+--------+
         Total |  16698 |  16236 |    462 |   2166 |  12413 |  13 | 1284.5 |
       Dungeon |  16571 |  16110 |    461 |   2166 |  12371 |  11 | 1506.5 |
        Temple |    109 |    109 |      0 |      0 |     42 |   1 |  109.0 |
          Lair |     17 |     17 |      0 |      0 |      0 |   1 |   17.0 |
               +--------+--------+--------+--------+--------+-----+--------+

Top non-repeatable levels by time:
     D:6: 2164 daAuts
     D:9: 2150 daAuts
     D:2: 2124 daAuts
     D:4: 1955 daAuts
     D:1: 1421 daAuts
     D:8: 1366 daAuts
    D:11: 1360 daAuts
     D:5: 1218 daAuts
    D:10: 1107 daAuts
     D:3: 904 daAuts
     D:7: 797 daAuts
  Temple: 109 daAuts
  Lair:1: 17 daAuts
